 Dungeon Sprint DCSS version 0.31-a0-638-g26219f789d (webtiles) character file.

Game seed: 8909642161901152031

122 Conn the Firebug (level 5, -5/46 HPs)
             Began as an Octopode Fire Elementalist on Aug 26, 2023.
             Slain by a scorpion (8 damage)
             ... in the Dungeon (Sprint II: "The Violet Keep of Menkaure").
             The game lasted 00:00:16 (17 turns).

Conn the Firebug (Octopode Fire Elementalist)         Turns: 17, Time: 00:00:17

Health: -5/46      AC:  1    Str:  8    XL:     5   Next: 6%
Magic:  4/11       EV: 14    Int: 19    God:
Gold:   0          SH:  0    Dex: 12    Spells: 11/12 levels left

rFire   . .          .
                       - Unarmed
rCold   . . .        (no shield)
rNeg    . . .        (helmet restricted)
rPois   .            (no amulet)
rElec   .            (no ring)
rCorr   .            (no ring)
SInv    .            (no ring)
Will    .....        (no ring) Stlth
                     (no ring)
HPRegen 0.27/turn    (no ring)
MPRegen 0.12/turn    (no ring)
                     (no ring)

%: no teleportation
@: berserking (expiring), very quick
A: almost no armour, amphibious, 8 rings, camouflage 1, gelatinous body 1,
(nimble swimmer 1), tentacles
a: no special abilities


You were in the Dungeon.
You visited 1 branch

Inventory:

Scrolls
 f - a scroll of blinking
Potions
 a - 3 potions of magic
 b - a potion of curing
 c - a potion of heal wounds
 d - a potion of haste


   Skills:
 + Level 0.1 Fighting
 + Level 3.7 Dodging
 + Level 4.8 Stealth
 + Level 1.7 Unarmed Combat
 + Level 4.3 Spellcasting
 + Level 1.4 Conjurations
 + Level 7.5 Fire Magic


You had 11 spell levels left.
You knew the following spells:

 Your Spells              Type           Power      Damage    Failure   Level
a - Foxfire               Conj/Fire      84%        2x1d8     2%          1

Your spell library contained the following spells:

 Spells                   Type           Power      Damage    Failure   Level
 Scorch                   Fire           64%        2d7       1%          2
 Inner Flame              Hex/Fire       18%        N/A       9%          3
 Volatile Blastmotes      Fire/Tloc      36%        2d13      9%          3
 Flame Wave               Conj/Fire      21%        2d8       22%         4


Dungeon Overview and Level Annotations

Branches:
Dungeon (1/1)

Altars:


Innate Abilities, Weirdness & Mutations

You cannot wear most types of armour.
You are amphibious.
You can wear up to eight rings at the same time.
Your skin changes colour to match your surroundings (Stealth+).
Your rubbery body absorbs attacks. (AC +1, EV +1)
((You are camouflaged when in or above water. (Stealth+)))
You have tentacles for arms and can constrict up to eight enemies at once.


Message History

Unknown command.
You tentacle-slap the scorpion. Your grab misses the scorpion.
The scorpion is lightly wounded.
The scorpion stings you.
* * * LOW HITPOINT WARNING * * *
Unknown command.
You bludgeon the scorpion! Your grab misses the scorpion.
The scorpion is heavily wounded.
You feel sick. The scorpion barely misses you.
Unknown command.
You barely miss the scorpion. Your grab misses the scorpion.
The scorpion is heavily wounded.
You feel sick.
Unknown command.
You closely miss the scorpion. Your grab misses the scorpion.
The scorpion is heavily wounded.
The scorpion completely misses you.
Unknown command.
You tentacle-slap the scorpion. Your grab misses the scorpion.
You squeeze the scorpion.
You kill the scorpion!
You feel sick.
Your Spellcasting skill increases to level 4!
Your Fire Magic skill increases to level 7!
You have reached level 5!
You feel stronger.
Unknown command.
Unknown command.
You barely miss the scorpion. Your grab misses the scorpion.
Unknown command.
You closely miss the scorpion. You grab the scorpion.
You constrict the scorpion, but do no damage.
You feel sick. The scorpion barely misses you.
You bludgeon the scorpion!
The scorpion is moderately wounded.
You constrict the scorpion, but do no damage.
You feel sick.
You are no longer poisoned.
The scorpion stings you!
You die...

# ##. #+#
#$B.##.##
#+.<.+
#.B.##@##
##. #s# #
s#. .. ..
### ###


You could see 2 scorpions.

Vanquished Creatures
  2 scorpions (D)
2 creatures vanquished.

Notes
Turn   | Place    | Note
-------+----------+-------------------------------------------
     0 | D        | Conn the Octopode Fire Elementalist began the quest for the
                  | Orb.
     0 | D        | Reached XP level 1. HP: 11/11 MP: 3/3
     1 | D        | Noticed a boulder beetle
     1 | D        | Noticed a boulder beetle
     4 | D        | Noticed a scorpion
     4 | D        | Noticed a scorpion
     4 | D        | Noticed a scorpion
     4 | D        | Noticed a scorpion
     9 | D        | Killed a scorpion
    10 | D        | Reached skill level 1 in Unarmed Combat
    10 | D        | Reached skill level 6 in Fire Magic
    10 | D        | Reached XP level 2. HP: 7/17 MP: 3/6
    10 | D        | Reached XP level 3. HP: 9/21 MP: 4/8
    10 | D        | Reached XP level 4. HP: 12/27 MP: 4/9
    14 | D        | Killed a scorpion
    15 | D        | Reached skill level 7 in Fire Magic
    15 | D        | Reached XP level 5. HP: 4/31 MP: 4/11
    17 | D        | Slain by a scorpion

Illustrated notes

Levels and vault maps discovered:
D:        the_violet_keep_of_menkaure [sprint2_stairs_cluster_1,
          sprint2_shoproom, sprint2_temple, sprint2_basic_supplies,
          sprint2_obstacle_4, sprint2_obstacle_1, sprint2_obstacle_5,
          sprint2_obstacle_2, sprint2_obstacle_7, sprint2_timed_cluster_1,
          sprint2_smallroom_cluster_1, sprint2_smallroom_final_cluster_1,
          sprint2_transparent_cluster_1, sprint2_second_timed_cluster_1,
          sprint2_sniper_area_1, sprint2_heavy_combat_area_1,
          sprint2_mutation_trap_area_1, sprint2_forest_area_1,
          sprint2_light_combat_area_1, sprint2_behind_water_1,
          sprint2_near_end_vault_1]

Skill      XL: |  1  2  3  4 |
---------------+-------------+-----
Dodging        | 3 |  3.7
Stealth        | 4 |  4.8
Unarmed Combat | 1 |  1.7
Spellcasting   | 3 4 |  4.3
Fire Magic     | 6 7 |  7.5
Fighting       | |  0.1
Conjurations   | |  1.4

Action                     |  1- 3 |  4- 6 || total
---------------------------+-------+-------++-------
  Melee: Unarmed           |     4 |     8 ||    12
         Tentacles         |     1 |     1 ||     2
         Constrict         |     1 |     1 ||     2
    Use: Potion            |     1 |       ||     1
  Dodge: Dodged            |     1 |     3 ||     4

Table legend: (Time is in decaauts)
 A = Elapsed time spent in this place.
 B = Non-inter-level travel time spent in this place.
 C = Inter-level travel time spent in this place.
 D = Time resting spent in this place.
 E = Time spent auto-exploring this place.
 F = Levels seen in this place.
 G = Mean time per level.
                   A        B        C        D        E       F      G
               +--------+--------+--------+--------+--------+-----+--------+
         Total |     13 |     13 |      0 |      0 |      0 |   1 |   13.0 |
       Dungeon |     13 |     13 |      0 |      0 |      0 |   1 |   13.0 |
               +--------+--------+--------+--------+--------+-----+--------+

Top non-repeatable levels by time:
       D: 13 daAuts
